 Dungeon Crawl Stone Soup version 0.29.1-15-g9cfb28693d (webtiles) character file.

Game seed: 1903118848431449626

338 javelincjr the Agent of Entropy (level 6, -3/48 HPs)
             Began as a Demonspawn Abyssal Knight on Mar 24, 2023.
             Was a Priest of Lugonu.
             Slain by an ogre
             ... wielding a +0 giant spiked club
              (4 damage)
             ... on level 4 of the Dungeon.
             The game lasted 00:14:23 (4350 turns).

javelincjr the Agent of Entropy (DsAK)              Turns: 4350, Time: 00:14:23

Health: -3/48      AC:  9    Str: 14    XL:     6   Next: 29%
Magic:  0/18       EV:  9    Int: 13    God:    Lugonu [***...]
Gold:   218        SH:  3    Dex: 15    Spells: 7/8 levels left

rFire   + . .      SeeInvis .   a - +1 hand axe
rCold   . . .      Faith    .   h - +0 buckler
rNeg    + . .      Spirit   +   B - +1 scale mail of Midsummer {rElec rN+ Dex+2}
rPois   .          Reflect  .   (no helmet)
rElec   +          Harm     .   (no cloak)
rCorr   .          Rampage  .   (no gloves)
Will    .....                   (no boots)
Stlth   ..........              v - amulet of guardian spirit
HPRegen 0.16/turn               k - ring of magical power
MPRegen 0.16/turn               y - ring of protection from fire

@: no status effects
A: hooves 1, yellow scales 1, foul stench 1
a: Renounce Religion, Depart the Abyss, Bend Space, Banish


You were on level 4 of the Dungeon.
You worshipped Lugonu.
Lugonu was most pleased with you.
You visited 1 branch of the dungeon, and saw 4 of its levels.
You visited the Abyss 1 time.

You collected 218 gold pieces.

Inventory:

Hand Weapons
 a - a +1 hand axe (weapon)
Missiles
 m - 17 poisoned darts (quivered)
 p - 4 boomerangs
 C - 4 curare-tipped darts
Armour
 b - a +0 leather armour
 h - a +0 buckler (worn)
 B - the +1 scale mail of Midsummer (worn) {rElec rN+ Dex+2}
   (You took it off an orc priest on level 4 of the Dungeon)

   Dex:       It affects your dexterity (+2).
   rElec:     It insulates you from electricity.
   rN:        It protects you from negative energy.
Jewellery
 i - an amulet of magic regeneration
 k - a ring of magical power (left hand)
 v - an amulet of guardian spirit (around neck)
 x - a ring of fire
 y - a ring of protection from fire (right hand)
 A - a ring of willpower
Scrolls
 c - a scroll of fear {unknown}
 e - 5 scrolls of immolation
 l - 6 scrolls of identify {unknown}
 o - a scroll of torment {unknown}
 r - 3 scrolls of vulnerability {unknown}
 s - a scroll of fog {unknown}
 z - a scroll of teleportation {unknown}
Potions
 d - a potion of heal wounds
 f - 3 potions of curing {unknown}
 g - a potion of mutation {unknown}
 j - a potion of invisibility {unknown}
 n - a potion of degeneration {unknown}
 q - a potion of resistance {unknown}
 t - 3 potions of brilliance {unknown}
 u - a potion of might
 w - a potion of attraction {unknown}


   Skills:
 + Level 4.0 Fighting
 + Level 3.0 Axes
 + Level 2.9 Armour
 + Level 2.4 Dodging
 + Level 0.0 Shields
 + Level 1.8 Spellcasting
 + Level 4.2 Invocations


You had 7 spell levels left.
You knew the following spells:

 Your Spells              Type           Power      Damage    Failure   Level
a - Shock                 Conj/Air       4%         1d3       83%         1

Your spell library contained the following spells:

 Spells                   Type           Power      Damage    Failure   Level
 Poisonous Vapours        Pois/Air       2%         N/A       92%         2
 Confusing Touch          Hex            1%         N/A       99%         3
 Swiftness                Air            1%         N/A       99%         3
 Airstrike                Air            0%         2d(1-17)  100%        4
 Corpse Rot               Necr/Pois/Air  1%         N/A       100%        4
 Yara's Violent Unravell  Hex/Tmut       0%         3d3       100%        5
 Enfeeble                 Hex            0%         N/A       100%        7


Dungeon Overview and Level Annotations

Branches:
Dungeon (4/15)
 Temple: D:4-7

Altars:

Shops:
D:2 [

Annotations:
D:3 1 runed translucent door, mkat's ghost, amateur DsHu


Innate Abilities, Weirdness & Mutations

You have large cloven feet.
You are partially covered in yellow scales. (AC +2)
You may rarely emit foul miasma when damaged in melee.


Message History

The steam dragon bites you but does no damage.
The steam dragon claws you but does no damage.
Press: ? - help, Shift-Dir - straight line, f/p - steam dragon
Aim: a steam dragon (almost dead, chance to affect: 81%)
You fail to use your ability.
The steam dragon bites you but does no damage.
You block the steam dragon's attack.
Press: ? - help, Shift-Dir - straight line, f/p - steam dragon
Aim: a steam dragon (almost dead, chance to affect: 81%)
You fail to use your ability.
A nearby plant withers and dies.
The steam dragon completely misses you. The steam dragon barely misses you.
Press: ? - help, Shift-Dir - straight line, f/p - steam dragon
Aim: a steam dragon (almost dead, chance to affect: 81%)
You fail to use your ability.
You block the steam dragon's attack. The steam dragon claws you.
* * * LOW HITPOINT WARNING * * *
Press: ? - help, Shift-Dir - straight line, f/p - steam dragon
Aim: a steam dragon (almost dead, chance to affect: 81%)
You fail to use your ability.
The steam dragon bites you.
* * * LOW HITPOINT WARNING * * *
The steam dragon claws you.
You hit the steam dragon but do no damage.
You kick the steam dragon.
The steam dragon is almost dead.
The steam dragon breathes steam at you. The ball of steam hits you. You resist.
* * * LOW HITPOINT WARNING * * *
You hit the steam dragon but do no damage.
The steam dragon is almost dead.
The steam dragon bites you but does no damage.
The steam dragon barely misses you.
You barely miss the steam dragon.
The steam dragon is almost dead.
You closely miss the iguana. The steam dragon bites you.
* * * LOW HITPOINT WARNING * * *
You block the steam dragon's attack. The iguana bites you.
* * * LOW HITPOINT WARNING * * *
The ogre attacks as you move away!
The ogre hits you with a +0 giant spiked club.
You die...

..............#.#..P♣~≈
#.###########....~P~~♣
#.# ###.#~~~♣♣ ~ #.##
####.~~~~≈♣♣~P #..#
##.~..~~♣♣♣~PPP ##.#
#.P~~~~≈≈♣~~PPP #.##
#.~~♣~~~~~~P# #..####
#P~.~DlO.~### ###....#
####.#@§#"# ##.....#
#...§.......# ...#####
#....§....§.# ####
#..§....§.§.# #
#....§§§§.§.# #
#.......§§..# #
####....§§§.# #
#....§..)# #


You could see a steam dragon (catching breath), an ogre and an iguana.

Vanquished Creatures
  A kobold brigand (D:4)
  A gnoll bouda (D:4)
  An orc priest (D:4)
  2 orc wizards (D:4)
  3 gnolls
  4 adders
  2 worms (D:3)
  2 dart slugs (D:1)
  3 orcs (D:4)
  4 ball pythons
  10 endoplasms
  2 giant cockroaches (D:1)
  8 goblins
  10 hobgoblins
  4 jackals (D:3)
  3 quokkas
  8 bats
  3 frilled lizards
  6 kobolds
  5 rats (D:1)
82 creatures vanquished.

Vanquished Creatures (others)
  16 plants (D:4)
  2 withered plants (D:3)
18 creatures vanquished.

Grand Total: 100 creatures vanquished

Notes
Turn   | Place    | Note
-------+----------+-------------------------------------------
     0 | Abyss:1  | javelincjr the Demonspawn Abyssal Knight began the quest
                  | for the Orb.
     0 | Abyss:1  | Reached XP level 1. HP: 18/18 MP: 2/2
   138 | Abyss:1  | Noticed a bone dragon
   168 | Abyss:1  | Noticed a large abomination
   181 | Abyss:1  | Noticed a fire bat
   183 | D:1      | Escaped the Abyss
   409 | D:1      | Reached skill level 1 in Dodging
   418 | D:1      | Reached ** piety under Lugonu
   532 | D:1      | Gained mutation: You are partially covered in yellow
                  | scales. (AC +2) [demonic ancestry]
   532 | D:1      | Reached XP level 2. HP: 24/24 MP: 4/4
   981 | D:1      | Found a faded altar of an unknown god.
   993 | D:1      | Gained mutation: You have large cloven feet. [demonic
                  | ancestry]
   993 | D:1      | Reached XP level 3. HP: 13/29 MP: 5/5
  1693 | D:2      | Found Uruag's Armour Shop.
  1797 | D:2      | You fall into a shaft and drop 2 floors!
  1901 | D:3      | Reached XP level 4. HP: 35/35 MP: 6/6
  2159 | D:3      | Reached *** piety under Lugonu
  2165 | D:3      | Found a runed translucent door.
  2166 | D:3      | Noticed mkat's ghost (amateur DsHu)
  2733 | D:3      | Learned a level 1 spell: Shock
  2996 | D:4      | Reached skill level 1 in Spellcasting
  3017 | D:4      | Gained mutation: You may rarely emit foul miasma when
                  | damaged in melee. [demonic ancestry]
  3017 | D:4      | Reached XP level 5. HP: 28/36 MP: 7/7
  3958 | D:4      | Identified the +1 scale mail of Midsummer {rElec rN+ Dex+2}
  3975 | D:4      | Reached XP level 6. HP: 14/48 MP: 9/9
  4314 | D:4      | Noticed a steam dragon
  4349 | D:4      | HP: 1/48 [iguana (4)]
  4350 | D:4      | Slain by an ogre

Illustrated notes

Levels and vault maps discovered:
D:1:      tarquinn_simple_flora_water_e, layout_basic,
          hellmonk_ecumenical_altar_blasted, fountainhead
D:2:      layout_rooms, basic_altar, serial_shops, shop_statue, feat_on_display
D:3:      layout_basic, gammafunk_ghost_grave
D:4:      layout_rooms, serial_bayou_lagoon_a, minmay_goblin_kobold_house

Skill      XL: |  1  2  3  4  5  6 |
---------------+-------------------+-----
Dodging        | 1 2 |  2.4
Axes           | 2 3 |  3.0
Armour         | 2 |  2.9
Invocations    | 3 4 |  4.2
Spellcasting   | 1 |  1.8
Fighting       | 4 |  4.0

Action                   |  1- 3 |  4- 6 || total
-------------------------+-------+-------++-------
Melee: Hand axe          |   131 |   172 ||   303
       Kick              |    16 |    43 ||    59
Throw: Dart              |       |    10 ||    10
Invok: Depart the Abyss  |     1 |       ||     1
       Bend Space        |       |     1 ||     1
  Use: Potion            |       |     1 ||     1
Armor: Leather armour    |    43 |    54 ||    97
       Scale mail        |       |    15 ||    15
Dodge: Dodged            |    92 |   106 ||   198
Block: Buckler           |    14 |    45 ||    59
